Map: Catalisador LE

Players

Dinossauro - Winner!

  • Race: Terran Terran
  • League: Platinum
  • Spawn Location: 11:00

IagoAbreu

  • Race: Zerg Zerg
  • League: Gold
  • Spawn Location: 5:00

VOD

Have the link to the VOD?

Description

Time

  • Played on: March 13, 2018, 1:53 p.m.
  • Length: 10:53
Show
View Real Time Build Order
Export as new Build Order

Dinossauro Terran - Winner!

Build Orders: Reaper Expand, MMM Bio 

Get SALT Encoding   

  12  0:01  SCV  
  13  0:13  SCV  
  14  0:18  Supply Depot  
  14  0:25  SCV  
  15  0:30  Refinery  
  15  0:40  SCV  
  16  0:49  Barracks  
  16  0:52  SCV  
  17  1:04  SCV  
  18  1:13  Barracks  
  18  1:16  SCV  
  19  1:36  Reaper  
  20  1:40  Supply Depot  
  20  1:58  Command Center  
  20  2:03  Barracks Reactor  
  20  2:11  Factory  
  20  2:22  Orbital Command  
  20  2:32  Refinery  
  20  2:41  Marine x2  
  22  2:52  SCV  
  23  2:59  Factory Tech Lab  
  23  3:02  Barracks Tech Lab, Factory Reactor  
  23  3:04  SCV  
  24  3:11  Marine x2  
  24  3:12  Starport  
  26  3:20  Orbital Command  
  26  3:46  Orbital Command  
  26  4:02  SCV  
  27  4:06  Marine x2, Stimpack  
  27  4:07  Marine  
  30  4:14  SCV  
  31  4:21  SCV  
  32  4:24  Marine x2  
  32  4:26  SCV  
  32  4:27  Factory Tech Lab  
  35  4:33  SCV  
  35  4:38  SCV  
  37  4:45  SCV  
  38  4:53  Marine x3, Siege Tank  
  44  5:01  Medivac  
  44  5:06  Supply Depot  
  46  5:08  Refinery  
  46  5:11  Refinery  
  46  5:20  Medivac, Marauder  
  50  5:22  Supply Depot  
  50  5:34  Command Center  
  50  5:39  Supply Depot  
  50  5:40  SCV x2  
  50  5:42  Marauder  
  54  5:46  Marine x2  
  54  5:47  Siege Tank  
  59  5:52  SCV x2  
  61  6:02  Marine  
  61  6:03  Marine, Medivac  
  61  6:04  Marine, SCV  
  66  6:05  SCV  
  66  6:10  Combat Shields  
  68  6:16  SCV  
  69  6:21  Marine, Marauder  
  68  6:42  Marauder  
  68  6:43  Marine x2  
  68  6:44  Siege Tank  
  68  6:46  Viking x2  
  79  6:50  Orbital Command  
  79  6:51  SCV  
  80  7:01  Marine  
  81  7:04  Marauder  
  82  7:11  Marine  
  83  7:16  Siege Tank  
  83  7:17  Engineering Bay  
  83  7:18  Marine  
  83  7:22  Medivac x2  
  91  7:24  Marine  
  92  7:35  Marine  
  92  7:36  Marine  
  83  7:43  Marauder  
  85  7:48  Hellion  
  85  7:49  Concussive Shells  
  87  7:52  Viking x2  
  87  7:53  Marine  
  87  7:54  Marine  
  93  8:01  Supply Depot  
  93  8:08  Terran Infantry Weapons Level 1  
  93  8:22  Marine  
  93  8:23  Siege Tank, Viking x2  
  101  8:27  Marine x2, Supply Depot  
  101  8:28  SCV x2  
  105  8:40  SCV, Marine  
  107  8:45  Marine x2  
  109  8:55  Siege Tank  
  112  8:58  Marine  
  108  9:03  Marine  
  108  9:04  Marauder  
  111  9:16  Marine  
  112  9:21  Marine  
  113  9:24  Viking x2  
  117  9:42  Marine x2  
  117  9:46  Marauder  
  115  9:54  Viking  
  117  10:22  Marine  
  117  10:23  Marine, Engineering Bay  
  117  10:24  Marauder  
  125  10:32  SCV x2  
Show
View Real Time Build Order
Export as new Build Order

IagoAbreu Zerg 

Build Orders: Hatch First 

Get SALT Encoding   

  12  0:36  Hatchery  
  11  0:44  Drone x3  
  14  0:55  Overlord  
  14  1:06  Overlord  
  14  1:09  Extractor  
  13  1:11  Extractor  
  12  1:21  Drone  
  13  1:31  Spawning Pool  
  13  1:32  Drone  
  13  1:39  Drone  
  14  1:51  Drone  
  15  1:58  Drone  
  15  2:00  Drone  
  17  2:08  Drone  
  18  2:11  Drone  
  19  2:16  Drone  
  20  2:28  Queen  
  22  2:40  Queen  
  23  2:48  Zergling x4  
  23  2:50  Zergling x2  
  24  3:00  Drone x2  
  24  3:02  Drone  
  27  3:18  Drone x2  
  29  3:28  Drone x2  
  29  3:29  Lair  
  30  3:43  Metabolic Boost  
  30  3:45  Burrow  
  30  3:46  Drone  
  31  3:51  Drone x2  
  32  3:59  Drone x3  
  35  4:18  Extractor x2  
  35  4:21  Overlord x3  
  35  4:22  Overlord  
  32  4:53  Drone x2  
  32  4:54  Drone x5  
  32  4:55  Zergling x2  
  32  4:56  Zergling x2  
  41  5:05  Overseer  
  41  5:09  Hatchery  
  40  5:14  Spire  
  40  5:18  Infestation Pit  
  37  5:58  Hive  
  37  6:06  Drone x2  
  37  6:07  Zergling x8  
  37  6:08  Zergling x4  
  45  6:11  Zergling x2  
  45  6:12  Zergling x12  
  45  6:13  Zergling x2  
  53  6:30  Spine Crawler  
  43  6:50  Mutalisk x5  
  43  6:53  Zergling x4  
  43  6:54  Zergling x4  
  56  7:30  Queen  
  58  7:39  Drone x3  
  61  7:52  Greater Spire  
  61  8:01  Drone  
  62  8:05  Overlord x2  
  62  8:06  Overlord x3  
  62  8:16  Overlord x3  
  62  8:21  Extractor  
  62  8:22  Extractor  
  60  8:50  Drone x5  
  47  9:08  Corruptor x4  
  47  9:09  Zergling x2, Corruptor x3  
  55  9:10  Zergling x2, Corruptor  
  55  9:11  Zergling x4  
  55  9:12  Zergling x6  
  53  9:41  Swarm Host x2  
  28  10:04  Zergling x10  
Tags
 
Add a new tag
Caveats
  • Supply blocks, unpowered buildings, or Contaminate may cause inaccurate times.
  • Supply counts are checked every 10 seconds.